 Dungeon Crawl Stone Soup version 0.29.1-1-gd02db6906a (webtiles) character file.

Game seed: 13745998943819237891

50 hawla the Firebug (level 4, 0/33 HPs)
             Began as a Meteoran Fire Elementalist on Oct 6, 2022.
             Slain by a gnoll
             ... wielding a +0 club
              (4 damage)
             ... on level 2 of the Dungeon.
             The game lasted 00:04:44 (571 turns).

hawla the Firebug (Meteoran Fire Elementalist)       Turns: 571, Time: 00:04:45

Health: 0/33       AC:  2    Str:  9    XL:     4   Next: 24%
Magic:  0/9        EV: 12    Int: 18    God:
Gold:   17         SH:  0    Dex: 15    Spells: 6/9 levels left

rFire   . . .      SeeInvis .   (no weapon)
rCold   . . .      Faith    .   (no shield)
rNeg    . . .      Spirit   .   a - +0 robe
rPois   .          Reflect  .   (no helmet)
rElec   .          Harm     .   (no cloak)
rCorr   .          Rampage  .   (no gloves)
Will    .....                   (no boots)
Stlth   +.........              (no amulet)
HPRegen 0.11/turn               e - ring of flight
MPRegen 0.11/turn               (no ring)

@: flying, glowing
A: sense surroundings 1, otherworldly, glowing, explore regen
a: no special abilities


You were on level 2 of the Dungeon.
You visited 1 branch of the dungeon, and saw 2 of its levels.

You collected 17 gold pieces.

Inventory:

Armour
 a - a +0 robe (worn)
Jewellery
 e - a ring of flight (left hand)
Scrolls
 c - a scroll of enchant weapon {unknown}
 f - a scroll of summoning
 h - a scroll of identify {unknown}
Potions
 b - a potion of magic
 g - a potion of attraction {unknown}


   Skills:
 + Level 2.5 Dodging
 - Level 1.4 Stealth
 + Level 3.2 Spellcasting
 + Level 1.6 Conjurations
 + Level 5.0 Fire Magic


You had 6 spell levels left.
You knew the following spells:

 Your Spells              Type           Power      Damage    Failure   Level
a - Foxfire               Conj/Fire      60%        2x1d7     4%          1
b - Scorch                Fire           42%        2d7       3%          2

Your spell library contained the following spells:

 Spells                   Type           Power      Damage    Failure   Level
 Conjure Flame            Conj/Fire      15%        6-21      12%         3
 Inner Flame              Hex/Fire       11%        N/A       17%         3
 Flame Wave               Conj/Fire      15%        2d7       36%         4
 Gell's Gravitas          Tloc           2%         N/A       43%         3
 Lesser Beckoning         Tloc           2%         N/A       43%         3
 Teleport Other           Tloc           2%         N/A       43%         3


Dungeon Overview and Level Annotations

Branches:
Dungeon (2/15) Zot: 629

Altars:


Innate Abilities, Weirdness & Mutations

You passively map a small area around you.
You are easily found by Zot.
You glow in the dark.
You regain HP and MP as you explore.


Message History

As you read the scroll labelled XADUEN NALUCHU, it crumbles to dust.
Wisps of shadow whirl around you...
It was a scroll of summoning.
The adder barely misses you. The adder bites you. The gnoll misses you.
The gnoll hits you from afar with a +0 vorpal spear.
The gnoll hits you with a +0 whip. The endoplasm closely misses you.
You swap places.
The adder bites your rat but does no damage.
Your goblin hits the endoplasm with a +0 club.
The gnoll hits your endoplasm with a +0 vorpal spear.
The gnoll completely misses you.
Your endoplasm hits the gnoll. The gnoll hits your rat with a +0 whip!
Your rat dies!
Your rat's corpse dissolves into shadows!
The endoplasm hits you. The gnoll attacks as you move away!
The gnoll hits you with a +0 club. The endoplasm closely misses you.
Your goblin hits the endoplasm with a +0 club.
The endoplasm dies!
Your endoplasm closely misses the gnoll.
The gnoll hits your endoplasm with a +0 vorpal spear.
Your endoplasm dies!
Your endoplasm dissolves into shadows!
Your Fire Magic skill increases to level 5!
Casting: Scorch (safe; 3% risk of failure)
Confirm with . or Enter, or press ? or * to list all spells.
Flames lash the gnoll.
The gnoll is heavily wounded.
The gnoll's fire resistance burns away.
Your goblin closely misses the adder.
The gnoll hits you from afar with a +0 halberd.
* * * LOW HITPOINT WARNING * * *
The gnoll hits you with a +0 club.
* * * LOW HITPOINT WARNING * * *
It was a potion of curing.
You feel better. The adder closely misses you. The adder barely misses you.
Your goblin hits the adder with a +0 club.
The gnoll misses you.
The gnoll hits you from afar with a +0 halberd!
* * * LOW HITPOINT WARNING * * *
The gnoll attacks as you move away! The gnoll hits you with a +0 club.
You die...

* * ##.......# ,,
,.........# *
*##........## *
,.........( ** *
#........#*
#.gJ.....#
##.gg.....# ,
*#>Sg##.#### *
#.#g@.#S# , , ,
##.*#.....# * #.#
#..##.# ,
##.###.#.#...#
#.##..##.###
#.#)###.# #..# #.#
##.###.##### *
#######†##........,
,


You could see 4 gnolls, an adder (distracted, ally target), an endoplasm and a
friendly goblin (summoned).

Vanquished Creatures
  2 adders (D:2)
  3 dart slugs
  2 endoplasms
  A giant cockroach (D:1)
  2 goblins (D:2)
  2 hobgoblins
  A quokka (D:2)
  3 ball pythons
  A frilled lizard (D:2)
  5 kobolds
  2 rats (D:2)
24 creatures vanquished.

Vanquished Creatures (collateral kills)
  An endoplasm (D:2)
1 creature vanquished.

Vanquished Creatures (others)
  66 foxfires
66 creatures vanquished.

Grand Total: 91 creatures vanquished

Notes
Turn   | Place    | Note
-------+----------+-------------------------------------------
     0 | D:1      | hawla the Meteoran Fire Elementalist began the quest for
                  | the Orb.
     0 | D:1      | Reached XP level 1. HP: 14/14 MP: 5/5
    72 | D:1      | Reached skill level 4 in Fire Magic
    72 | D:1      | Reached XP level 2. HP: 20/20 MP: 3/6
   437 | D:2      | Reached XP level 3. HP: 18/26 MP: 3/8
   487 | D:2      | Reached XP level 4. HP: 33/33 MP: 5/9
   490 | D:2      | Learned a level 2 spell: Scorch
   569 | D:2      | Reached skill level 5 in Fire Magic
   571 | D:2      | Slain by a gnoll

Illustrated notes

Levels and vault maps discovered:
D:1:      amcnicky_arrival_blooded_trapdoor, layout_rooms
D:2:      layout_loops_ring

Skill      XL: |  1  2  3  4 |
---------------+-------------+-----
Fire Magic     | 4 5 |  5.0
Spellcasting   | 3 |  3.2
Dodging        | |  2.5
Stealth        | |  1.4
Conjurations   | |  1.6

Action                   |  1- 3 |  4- 6 || total
-------------------------+-------+-------++-------
Melee: Unarmed           |     2 |       ||     2
 Cast: Foxfire           |    28 |    10 ||    38
       Scorch            |       |     6 ||     6
  Use: Scroll            |       |     1 ||     1
       Potion            |       |     1 ||     1
Armor: Robe              |     1 |     2 ||     3
Dodge: Dodged            |     4 |    13 ||    17
